 Dungeon Crawl Stone Soup version 0.24.0-13-gcf9b319 (webtiles) character file.

Game seed: 8738453995651174624, levelgen mode: deterministic

189 Fang the Skirmisher (level 5, -12/34 HPs)
             Began as a Gargoyle Berserker on Nov 22, 2019.
             Was a Priest of Trog.
             Splashed by Ijyb's acid (14 damage)
             ... on level 4 of the Dungeon.
             The game lasted 00:02:26 (2643 turns).

Fang the Skirmisher (Gargoyle Berserker)            Turns: 2643, Time: 00:02:26

Health: -12/34     AC:  6    Str: 22    XL:     5   Next: 68%
Magic:  5/5        EV: 12    Int:  7    God:    Trog [***...]
Gold:   182        SH:  0    Dex:  9    Spells: 4/4 levels left

rFire    . . .     SeeInvis .   a - +0 hand axe
rCold    . . .     Gourm    .   (no shield)
rNeg     + . .     Faith    .   b - +0 animal skin
rPois    ∞         Spirit   .   (no helmet)
rElec    +         Reflect  .   (no cloak)
rCorr    .         Harm     .   (no gloves)
MR       .....                  (no boots)
Stlth    +.........             (no amulet)
HPRegen  0.11/turn              (no ring)
MPRegen  0.09/turn              (no ring)

@: berserk cooldown, slowed, very slow
A: negative energy resistance 1, electricity resistance, unbreathing,
petrification resistance, rot immunity, AC +4
a: Berserk, Trog's Hand, Renounce Religion


You were on level 4 of the Dungeon.
You worshipped Trog.
Trog was most pleased with you.
You were hungry.

You visited 1 branch of the dungeon, and saw 4 of its levels.

You collected 182 gold pieces.

Inventory:

Hand Weapons
 a - a +0 hand axe (weapon)
Armour
 b - a +0 animal skin (worn)
Scrolls
 f - a scroll of magic mapping {unknown}
 g - 3 scrolls of identify {unknown}
 h - a scroll of enchant weapon {unknown}
 i - 3 scrolls of amnesia {unknown}
 j - 3 scrolls of remove curse {unknown}
 l - 2 scrolls of teleportation {unknown}
 p - a scroll of blinking {unknown}
Potions
 d - a potion of curing {unknown}
 e - 2 potions of agility {unknown}
 k - 2 potions of degeneration {unknown}
 n - a potion of magic {unknown}
 o - a potion of brilliance {unknown}
Comestibles
 c - 14 rations


   Skills:
 + Level 4.3 Fighting
 + Level 3.6 Axes
 + Level 3.6 Armour
 + Level 2.7 Dodging


You had 4 spell levels left.
You didn't know any spells.
Your spell library was empty.

Dungeon Overview and Level Annotations

Branches:
Dungeon (4/15)
 Temple: D:4-7

Altars:

Annotations:
D:4 Ijyb


Innate Abilities, Weirdness & Mutations

You are resistant to torment.
Your stone body is resilient. (AC +4)
You are immune to poison.
You resist negative energy. (rN+)
You are resistant to electric shocks. (rElec)
You can survive without breathing.
You are immune to petrification.
You are immune to rotting.


Message History

The worker ant is almost dead.
The worker ant closely misses you.
You closely miss the worker ant.
The worker ant is almost dead.
The worker ant bites you.
You slash the worker ant!
You kill the worker ant!
Trog accepts your kill.
Ijyb the Twisted Goblin comes into view.
She is wielding a +0 club and carrying a wand of acid (6).
Ijyb shouts!
You feel a strong urge to attack something.
You feel your anger nearly subside.
You are no longer berserk.
You are exhausted.
You feel yourself slow down.
Found a ration.
Ijyb zaps a wand.
The bolt of acid misses you.
Ijyb zaps a wand.
The bolt of acid hits you!
* * * LOW HITPOINT WARNING * * *
You are splashed with acid!
You die...

...................
..................#
...#...........# ..
#...........# .
##..g......##
##.........#
#..........#
##..........#
#.....@.....#
#...........#####
#.%..............##
#..................##
.........>....##....#
..........(...###...###
..............# #.....#
.............## #.....#
...........# #...###


You could see Ijyb.

Vanquished Creatures
  A worker ant (D:4)
  4 gnolls (D:3)
  5 adders (D:3)
  An ooze (D:2)
  2 dart slugs
  3 leopard geckos
  3 ball pythons (D:1)
  7 giant cockroaches
  14 goblins
  3 hobgoblins
  4 jackals (D:2)
  6 bats
  5 frilled lizards
  6 kobolds
  11 rats
75 creatures vanquished.

Notes
Turn   | Place    | Note
-------+----------+-------------------------------------------
     0 | D:1      | Fang the Gargoyle Berserker began the quest for the Orb.
     0 | D:1      | Reached XP level 1. HP: 14/14 MP: 1/1
    82 | D:1      | Reached XP level 2. HP: 19/19 MP: 2/2
   357 | D:1      | Reached XP level 3. HP: 18/23 MP: 3/3
   537 | D:1      | Reached ** piety under Trog
  1260 | D:2      | Reached XP level 4. HP: 29/29 MP: 4/4
  1815 | D:3      | Reached skill level 4 in Fighting
  2202 | D:3      | Reached XP level 5. HP: 18/33 MP: 5/5
  2290 | D:3      | Reached *** piety under Trog
  2632 | D:4      | Noticed Ijyb
  2643 | D:4      | Splashed by Ijyb's acid

Levels and vault maps discovered:
D:1:      dpeg_arrival_subterranean_lakeside_camping, layout_loops_ring,
          hangedman_decor_clover_reticule
D:2:      layout_basic, first_ration, mrwooster_statue_mirror
D:3:      layout_rooms
D:4:      layout_layer_cave, nicolae_ossuary_entry_ruins, uniq_ijyb

Skill      XL: |  1  2  3  4 |
---------------+-------------+-----
Axes           | 3 |  3.6
Dodging        | 2 |  2.7
Armour         | 3 |  3.6
Fighting       | 4 |  4.3

Action                   |  1- 3 |  4- 6 || total
-------------------------+-------+-------++-------
Melee: Hand axe          |   148 |   100 ||   248
Invok: Berserk           |       |     2 ||     2
  Eat: Chunk             |     1 |     6 ||     7
Armor: Animal skin       |    55 |    31 ||    86
Dodge: Dodged            |   121 |    81 ||   202
